| TOP OF THE 1ST |
|
Aberdeen Ironbirds batting - Pitching for Hudson Valley Renegades : RHP Cameron Bianchi
|
|
Pitching: RHP Cameron Bianchi
|
|
|
Batting: LHB Vinny Rivera
|
0-0: Swinging Strike 0-1: Foul Ball, location: 2F 0-2: Foul Ball, location: 2F 0-2: Ball 1-2: Strikes out swinging
|
|
Batting: LHB Pat Fontana
|
0-0: Called Strike 0-1: Ball 1-1: Foul Ball, location: 2F 1-2: Ball 2-2: SINGLE (Line Drive, 9S, EV 97.5 MPH)
|
|
Batting: SHB Carlos Carrillo
|
0-0: Ball 1-0: Ball Pat Fontana is caught stealing 2nd base 2-6 2-0: SINGLE (Groundball, 4D, EV 99.4 MPH)
|
|
Batting: RHB Jonathan Mendoza
|
0-0: Swinging Strike 0-1: Foul Ball, location: 2F 0-2: Strikes out swinging
|
| Top of the 1st over - 0 runs, 2 hits, 0 errors, 1 left on base; Aberdeen 0 - Hudson Valley 0 |
| BOTTOM OF THE 1ST |
|
Hudson Valley Renegades batting - Pitching for Aberdeen Ironbirds : RHP Jun-seok Pak
|
|
Pitching: RHP Jun-seok Pak
|
|
|
Batting: LHB Dan Hunt
|
0-0: Fly out, F7 (Flyball, 7D, EV 85.6 MPH)
|
|
Batting: SHB Josif Popovski
|
0-0: Called Strike 0-1: Called Strike 0-2: Foul Ball, location: 2F 0-2: Ball 1-2: Foul Ball, location: 2F 1-2: Ground out 6-3 (Groundball, 6, EV 103.8 MPH)
|
|
Batting: LHB Jonathan Spino
|
0-0: Ball 1-0: Ball 2-0: Called Strike 2-1: Ground out 4-3 (Groundball, 4S, EV 69.4 MPH)
|
| Bottom of the 1st over - 0 runs, 0 hits, 0 errors, 0 left on base; Aberdeen 0 - Hudson Valley 0 |
| TOP OF THE 2ND |
|
Aberdeen Ironbirds batting - Pitching for Hudson Valley Renegades : RHP Cameron Bianchi
|
|
Batting: LHB Sam Williams
|
0-0: Ball 1-0: Called Strike 1-1: Foul Ball, location: 2F 1-2: Ball 2-2: Hit by Pitch
|
|
Batting: RHB Kevin Popowicz
|
0-0: Ball 1-0: Ball 2-0: Ball 3-0: Called Strike 3-1: Base on Balls Sam Williams to second
|
|
Batting: SHB Chris Wright
|
0-0: Fielders Choice at 2nd, 5-4 (Groundball, 5D, EV 101.2 MPH) Sam Williams to third
|
|
Batting: RHB Alfredo Reguera
|
0-0: Ground out 4-3 (Groundball, 34, EV 88.1 MPH) Sam Williams scores Chris Wright to second
|
|
Batting: RHB Fernando Bravo
|
0-0: Called Strike 0-1: Swinging Strike 0-2: Ball 1-2: Strikes out swinging
|
| Top of the 2nd over - 1 run, 0 hits, 0 errors, 1 left on base; Aberdeen 1 - Hudson Valley 0 |
| BOTTOM OF THE 2ND |
|
Hudson Valley Renegades batting - Pitching for Aberdeen Ironbirds : RHP Jun-seok Pak
|
|
Batting: LHB Rocky Crowley
|
0-0: Called Strike 0-1: Swinging Strike 0-2: Strikes out swinging
|
|
Batting: RHB Jon Gonzales
|
0-0: Ball 1-0: Ball 2-0: Foul Ball, location: 2F 2-1: Ball 3-1: Ground out U3 (Groundball, 34S, EV 88.1 MPH)
|
|
Batting: LHB Helmut Steggall
|
0-0: Ball 1-0: Called Strike 1-1: Foul Ball, location: 2F 1-2: SINGLE (Flyball, 7S, EV 85.6 MPH)
|
|
Batting: RHB Alex Koral
|
0-0: Fly out, F9 (Flyball, 89D, EV 89.4 MPH)
|
| Bottom of the 2nd over - 0 runs, 1 hit, 0 errors, 1 left on base; Aberdeen 1 - Hudson Valley 0 |
| TOP OF THE 3RD |
|
Aberdeen Ironbirds batting - Pitching for Hudson Valley Renegades : RHP Cameron Bianchi
|
|
Batting: LHB Vinny Rivera
|
0-0: Called Strike 0-1: Ball 1-1: Foul Ball, location: 2F 1-2: Ground out 6-3 (Groundball, 4M, EV 100.0 MPH)
|
|
Batting: LHB Pat Fontana
|
0-0: Ball 1-0: SINGLE (Groundball, 13S, EV 67.5 MPH) (infield hit)
|
|
Batting: SHB Carlos Carrillo
|
0-0: Ball 1-0: Called Strike 1-1: Ball 2-1: Ball 3-1: Base on Balls Pat Fontana to second
|
|
Batting: RHB Jonathan Mendoza
|
0-0: Ball 1-0: Ball 2-0: Called Strike 2-1: Called Strike 2-2: Strikes out swinging
|
|
Batting: LHB Sam Williams
|
0-0: Ball 1-0: Fielders Choice at 2nd, 6-4 (Groundball, 6, EV 85.0 MPH)
|
| Top of the 3rd over - 0 runs, 1 hit, 0 errors, 2 left on base; Aberdeen 1 - Hudson Valley 0 |
| BOTTOM OF THE 3RD |
|
Hudson Valley Renegades batting - Pitching for Aberdeen Ironbirds : RHP Jun-seok Pak
|
|
Batting: RHB Evan Chalarian
|
0-0: Ball 1-0: Ground out 4-3 (Groundball, 4, EV 80.0 MPH)
|
|
Batting: LHB Alex Genao
|
0-0: Foul Ball, location: 2F 0-1: Ball 1-1: Swinging Strike 1-2: Foul Ball, location: 2F 1-2: Ball 2-2: Foul Ball, location: 2F 2-2: Ball 3-2: TRIPLE (Line Drive, 78XD, EV 105.6 MPH)
|
|
Batting: LHB Dan Hunt
|
0-0: Called Strike 0-1: Ball 1-1: Ground out 4-3 (Groundball, 4, EV 81.2 MPH) Alex Genao scores
|
|
Batting: SHB Josif Popovski
|
0-0: Called Strike 0-1: Foul Ball, location: 2F 0-2: SINGLE (Groundball, 34D, EV 106.2 MPH)
|
|
Batting: LHB Jonathan Spino
|
0-0: Called Strike 0-1: Foul Ball, location: 2F 0-2: Ball 1-2: Foul Ball, location: 2F 1-2: Foul Ball, location: 2F 1-2: Foul Ball, location: 2F 1-2: Fielders Choice at 2nd, U6 (Groundball, 6M, EV 106.9 MPH)
|
| Bottom of the 3rd over - 1 run, 2 hits, 0 errors, 1 left on base; Aberdeen 1 - Hudson Valley 1 |
| TOP OF THE 4TH |
|
Aberdeen Ironbirds batting - Pitching for Hudson Valley Renegades : RHP Cameron Bianchi
|
|
Batting: RHB Kevin Popowicz
|
0-0: Ball 1-0: Fly out, F9 (Flyball, 9, EV 90.6 MPH)
|
|
Batting: SHB Chris Wright
|
0-0: Called Strike 0-1: Ball 1-1: Ball 2-1: Foul Ball, location: 2F 2-2: DOUBLE (Flyball, 78D, EV 107.5 MPH)
|
|
Batting: RHB Alfredo Reguera
|
0-0: Ball 1-0: Ground out 4-3 (Groundball, 4D, EV 100.6 MPH) Chris Wright to third
|
|
Batting: RHB Fernando Bravo
|
0-0: Called Strike 0-1: Swinging Strike 0-2: Hit by Pitch
|
|
Batting: LHB Vinny Rivera
|
0-0: Ground out 4-3 (Groundball, 4, EV 83.1 MPH)
|
| Top of the 4th over - 0 runs, 1 hit, 0 errors, 2 left on base; Aberdeen 1 - Hudson Valley 1 |
| BOTTOM OF THE 4TH |
|
Hudson Valley Renegades batting - Pitching for Aberdeen Ironbirds : RHP Jun-seok Pak
|
|
Batting: LHB Rocky Crowley
|
0-0: Called Strike 0-1: Ball 1-1: Foul Ball, location: 2F 1-2: SINGLE (Groundball, 4MD, EV 107.5 MPH)
|
|
Batting: RHB Jon Gonzales
|
0-0: Ball 1-0: Called Strike 1-1: Called Strike 1-2: Foul Ball, location: 2F 1-2: Fly out, F8 (Line Drive, 8LM, EV 95.6 MPH)
|
|
Batting: LHB Helmut Steggall
|
0-0: Foul Ball, location: 2F 0-1: Ball 1-1: Foul Ball, location: 2F 1-2: Foul Ball, location: 2F 1-2: Strikes out looking
|
|
Batting: RHB Alex Koral
|
Pickoff Throw to First - Out! 1-3
|
| Bottom of the 4th over - 0 runs, 1 hit, 0 errors, 0 left on base; Aberdeen 1 - Hudson Valley 1 |
| TOP OF THE 5TH |
|
Aberdeen Ironbirds batting - Pitching for Hudson Valley Renegades : RHP Cameron Bianchi
|
|
Batting: LHB Pat Fontana
|
0-0: SINGLE (Groundball, 56D, EV 104.4 MPH)
|
|
Batting: SHB Carlos Carrillo
|
0-0: Ball 1-0: Ball Wild Pitch! Pat Fontana to second 2-0: Called Strike 2-1: Ball 3-1: Ground out 4-3 (Groundball, 4, EV 89.4 MPH) Pat Fontana to third
|
|
Batting: RHB Jonathan Mendoza
|
0-0: Ball 1-0: Ball 2-0: Ball 3-0: Called Strike 3-1: Base on Balls
|
|
Batting: LHB Sam Williams
|
0-0: Foul Ball, location: 2F 0-1: Ball Wild Pitch! Pat Fontana scores Jonathan Mendoza to second 1-1: Ball 2-1: SINGLE (Groundball, 4D, EV 96.9 MPH) Jonathan Mendoza to third Runner from 3rd tries for Home, SAFE, throw by CF to home
|
|
Batting: RHB Kevin Popowicz
|
0-0: Foul Ball, location: 2F 0-1: Swinging Strike 0-2: Ball 1-2: Strikes out swinging
|
|
Batting: SHB Chris Wright
|
0-0: Called Strike 0-1: Ball 1-1: Ground out 4-3 (Groundball, 4, EV 81.2 MPH)
|
| Top of the 5th over - 2 runs, 2 hits, 0 errors, 1 left on base; Aberdeen 3 - Hudson Valley 1 |
| BOTTOM OF THE 5TH |
|
Hudson Valley Renegades batting - Pitching for Aberdeen Ironbirds : RHP Jun-seok Pak
|
|
Batting: RHB Alex Koral
|
0-0: Called Strike 0-1: Ball 1-1: Foul Ball, location: 2F 1-2: Foul Ball, location: 2F 1-2: Ball 2-2: Ball 3-2: Ground out 5-3 (Groundball, 56S, EV 86.9 MPH)
|
|
Batting: RHB Evan Chalarian
|
0-0: Called Strike 0-1: Ball 1-1: Foul Ball, location: 2F 1-2: Ball 2-2: Foul Ball, location: 2F 2-2: Foul Ball, location: 2F 2-2: Foul Ball, location: 2F 2-2: Ball 3-2: Strikes out swinging
|
|
Batting: LHB Alex Genao
|
0-0: Called Strike 0-1: Ball 1-1: Ball 2-1: Foul Ball, location: 2F 2-2: Strikes out looking
|
| Bottom of the 5th over - 0 runs, 0 hits, 0 errors, 0 left on base; Aberdeen 3 - Hudson Valley 1 |
| TOP OF THE 6TH |
|
Aberdeen Ironbirds batting - Pitching for Hudson Valley Renegades : RHP Cameron Bianchi
|
|
Batting: RHB Alfredo Reguera
|
0-0: Ball 1-0: Ball 2-0: Ball 3-0: Swinging Strike 3-1: Foul Ball, location: 2F 3-2: Ground out 6-3 (Groundball, 4MS, EV 90.0 MPH)
|
|
Batting: RHB Fernando Bravo
|
0-0: Called Strike 0-1: SINGLE (Groundball, 6MS, EV 75.6 MPH) (infield hit)
|
|
Batting: LHB Vinny Rivera
|
0-0: Foul Ball, location: 2F 0-1: Foul Ball, location: 2F 0-2: Ball 1-2: Foul Ball, location: 2F 1-2: Fielders Choice at 2nd, 1-6 (Groundball, 13S, EV 68.1 MPH)
|
|
Batting: LHB Pat Fontana
|
0-0: Called Strike Vinny Rivera is caught stealing 2nd base 2-6
|
| Top of the 6th over - 0 runs, 1 hit, 0 errors, 0 left on base; Aberdeen 3 - Hudson Valley 1 |
| BOTTOM OF THE 6TH |
|
Hudson Valley Renegades batting - Pitching for Aberdeen Ironbirds : RHP Jun-seok Pak
|
|
Batting: LHB Dan Hunt
|
0-0: Ball 1-0: Foul Ball, location: 2F 1-1: Ground out 4-3 (Groundball, 4, EV 81.9 MPH)
|
|
Batting: SHB Josif Popovski
|
0-0: DOUBLE (Groundball, 5L, EV 100.0 MPH)
|
|
Batting: LHB Jonathan Spino
|
0-0: Called Strike Josif Popovski is caught stealing 3rd base 2-5 0-1: Foul Ball, location: 2F 0-2: Ball 1-2: Ball 2-2: Ground out 5-3 (Groundball, 56, EV 77.5 MPH)
|
| Bottom of the 6th over - 0 runs, 1 hit, 0 errors, 0 left on base; Aberdeen 3 - Hudson Valley 1 |
| TOP OF THE 7TH |
|
Aberdeen Ironbirds batting - Pitching for Hudson Valley Renegades : RHP Cameron Bianchi
|
|
Batting: LHB Pat Fontana
|
0-0: Fly out, F7 (Flyball, 7LSF, EV 84.4 MPH)
|
|
Batting: SHB Carlos Carrillo
|
0-0: Ball 1-0: Foul Ball, location: 2F 1-1: Called Strike 1-2: Fly out, F9 (Flyball, 89M, EV 87.5 MPH)
|
|
Batting: RHB Jonathan Mendoza
|
0-0: Swinging Strike 0-1: Fly out, F9 (Flyball, 89M, EV 93.1 MPH)
|
| Top of the 7th over - 0 runs, 0 hits, 0 errors, 0 left on base; Aberdeen 3 - Hudson Valley 1 |
| BOTTOM OF THE 7TH |
|
Hudson Valley Renegades batting - Pitching for Aberdeen Ironbirds : RHP Jun-seok Pak
|
|
Pitching: LHP Fadeuka Aleev
|
|
|
Now in LF: Wil Ochoa
|
|
|
Now in RF: Alfredo Reguera
|
|
|
Batting: LHB Rocky Crowley
|
0-0: Called Strike 0-1: Swinging Strike 0-2: Strikes out looking
|
|
Pitching: RHP Jose Santos
|
|
|
Batting: RHB Jon Gonzales
|
0-0: Ball 1-0: Ground out 1-3 (Groundball, 34S, EV 63.1 MPH)
|
|
Batting: LHB Helmut Steggall
|
0-0: Ball 1-0: Foul Ball, location: 2F 1-1: Swinging Strike 1-2: Ball 2-2: Ball 3-2: Base on Balls
|
|
Batting: RHB Alex Koral
|
0-0: Called Strike 0-1: Ball 1-1: Ball 2-1: Ball 3-1: Base on Balls Helmut Steggall to second
|
|
Pinch Hitting: SHB Joshua Jackson
|
0-0: Ball 1-0: Ball 2-0: Ball 3-0: Called Strike 3-1: 3-RUN HOME RUN (Line Drive, 89XD, EV 113.1 MPH), Distance : 427 ft
|
|
Pitching: RHP Mark Lloyd
|
|
|
Batting: LHB Alex Genao
|
0-0: Hit by Pitch
|
|
Batting: LHB Dan Hunt
|
0-0: Ball Alex Genao steals 2nd base 1-0: Intentional Walk
|
|
Batting: SHB Josif Popovski
|
0-0: Swinging Strike 0-1: Swinging Strike 0-2: Strikes out swinging
|
| Bottom of the 7th over - 3 runs, 1 hit, 0 errors, 2 left on base; Aberdeen 3 - Hudson Valley 4 |
| TOP OF THE 8TH |
|
Aberdeen Ironbirds batting - Pitching for Hudson Valley Renegades : RHP Cameron Bianchi
|
|
Pitching: LHP Hugo Aquino
|
|
|
Now at 3B: Devin Brown
|
|
|
Batting: LHB Sam Williams
|
0-0: Ball 1-0: Ball 2-0: Foul Ball, location: 2F 2-1: Ball 3-1: Called Strike 3-2: Foul Ball, location: 2F 3-2: Strikes out looking
|
|
Pitching: RHP Joe Green
|
|
|
Batting: RHB Kevin Popowicz
|
0-0: Ball 1-0: Ball 2-0: Swinging Strike 2-1: Called Strike 2-2: Strikes out swinging
|
|
Batting: SHB Chris Wright
|
0-0: Ball 1-0: Called Strike 1-1: Ground out 4-3 (Groundball, 4M, EV 88.1 MPH)
|
| Top of the 8th over - 0 runs, 0 hits, 0 errors, 0 left on base; Aberdeen 3 - Hudson Valley 4 |
| BOTTOM OF THE 8TH |
|
Hudson Valley Renegades batting - Pitching for Aberdeen Ironbirds : RHP Mark Lloyd
|
|
Batting: LHB Jonathan Spino
|
0-0: Called Strike 0-1: Called Strike 0-2: Ball 1-2: Foul Ball, location: 2F 1-2: Foul Ball, location: 2F 1-2: Ball 2-2: Ball 3-2: Foul Ball, location: 2F 3-2: SINGLE (Groundball, 4MD, EV 101.2 MPH)
|
|
Batting: LHB Rocky Crowley
|
0-0: Called Strike 0-1: Ball 1-1: Called Strike Jonathan Spino steals 2nd base (no throw) 1-2: Ball Passed Ball! Jonathan Spino to third 2-2: Foul Ball, location: 2F 2-2: Ground out 4-3 (Groundball, 4, EV 105.0 MPH)
|
|
Batting: RHB Jon Gonzales
|
0-0: Called Strike 0-1: Swinging Strike 0-2: Strikes out swinging
|
|
Batting: LHB Helmut Steggall
|
0-0: Intentional Walk
|
|
Batting: RHB Alex Koral
|
0-0: Ball 1-0: Ball 2-0: Called Strike 2-1: Swinging Strike 2-2: Ball 3-2: Base on Balls Helmut Steggall to second
|
|
Batting: RHB Devin Brown
|
0-0: Foul Ball, location: 2F 0-1: Foul Ball, location: 2F 0-2: Ball 1-2: Strikes out swinging
|
| Bottom of the 8th over - 0 runs, 1 hit, 0 errors, 3 left on base; Aberdeen 3 - Hudson Valley 4 |
| TOP OF THE 9TH |
|
Aberdeen Ironbirds batting - Pitching for Hudson Valley Renegades : RHP Joe Green
|
|
Pitching: LHP Matt Bayer
|
|
|
Now in RF: Chris Lockart
|
|
|
Batting: RHB Alfredo Reguera
|
0-0: Ball 1-0: Ball 2-0: Called Strike 2-1: Called Strike 2-2: Foul Ball, location: 2F 2-2: Strikes out looking
|
|
Batting: RHB Fernando Bravo
|
0-0: Ball 1-0: Swinging Strike 1-1: Foul Ball, location: 2F 1-2: Ball 2-2: Ball 3-2: Foul Ball, location: 2F 3-2: Foul Ball, location: 2F 3-2: Ground out 6-3 (Groundball, 56S, EV 85.6 MPH)
|
|
Pinch Hitting: RHB Chris McGuirk
|
0-0: Ball 1-0: Called Strike 1-1: Ball 2-1: Ball 3-1: Base on Balls
|
|
Batting: LHB Pat Fontana
|
0-0: Swinging Strike 0-1: Foul Ball, location: 2F 0-2: Ball 1-2: Ball 2-2: Foul Ball, location: 2F 2-2: Foul Ball, location: 2F 2-2: SINGLE (Flyball, 8LS, EV 92.5 MPH) Chris McGuirk to second Runner from 2nd tries for 3rd, SAFE, throw by CF made to third
|
|
Batting: SHB Carlos Carrillo
|
0-0: Ball 1-0: Fly out, F8 (Flyball, 89S, EV 80.0 MPH)
|
| Top of the 9th over - 0 runs, 1 hit, 0 errors, 2 left on base; Aberdeen 3 - Hudson Valley 4 |
|